 Dungeon Crawl Stone Soup version 0.17-a0-1545-gc1bb672 (webtiles) character file.

1372 PooFace the Ruffian (level 8, 0/79 HPs)
             Began as a Troll Berserker on July 18, 2015.
             Was an Elder of Trog.
             Slain by a killer bee (4 damage)
             ... on level 6 of the Dungeon.
             The game lasted 00:38:15 (5465 turns).

PooFace the Ruffian (Troll Berserker)               Turns: 5465, Time: 00:38:15

Health: 0/79       AC:  6    Str: 30    XL:     8   Next: 38%
Magic:  7/7        EV: 11    Int:  3    God:    Trog [****..]
Gold:   354        SH:  0    Dex:  9    Spells: 0 memorised, 7 levels left

rFire  . . .     SeeInvis .       - Unarmed
rCold  . . .     Clarity  .     a - +1 animal skin
rNeg   . . .     SustAt   .     (no shield)
rPois  .         Gourm    +     (helmet restricted)
rElec  .         Spirit   .     (no cloak)
rCorr  .         Warding  .     (gloves unavailable)
rMut   +         Stasis   .     (boots unavailable)
MR     .....                    j - amulet of resist mutation
Stlth  +.........               (no ring)
                                (no ring)

@: lethally poisoned (0 -> -7), not resistant to hostile enchantments, very
unstealthy
A: unfitting armour, claws 3, fast metabolism 3, gourmand, regeneration 2,
shaggy fur 1, strong 1, tough skin 2
a: Burn Spellbooks, Berserk, Trog's Hand, Brothers in Arms, Renounce Religion


You were on level 6 of the Dungeon.
You worshipped Trog.
Trog was greatly pleased with you.
You were not hungry.

You visited 1 branch of the dungeon, and saw 6 of its levels.

You collected 354 gold pieces.

Inventory:

Hand weapons
 e - a +0 trident
 l - a +0 war axe
 o - a +0 dagger of electrocution
 x - the +9 falchion of the Final Decision {vamp, *Contam +Blink rPois rF+, unknown}
   (You found it on level 6 of the Dungeon)

   It inflicts no extra harm, but heals its wielder somewhat when it strikes a
   living foe.
   It protects you from fire.
   It protects you from poison.
   It lets you blink.
   It causes magical contamination when unequipped.
Armour
 a - a +1 animal skin (worn)
 q - a +2 robe of magic resistance
Jewellery
 j - an amulet of resist mutation (around neck)
Scrolls
 c - 2 scrolls of teleportation
 h - a scroll of identify
 k - 3 scrolls of immolation
 p - 3 scrolls of remove curse
 r - a scroll of enchant weapon
 t - a scroll of enchant armour
Potions
 f - 2 potions of flight
 g - a potion of lignification {unknown}
 s - a potion of poison
 w - a potion of invisibility {unknown}
Comestibles
 b - 2 bread rations
 m - 3 meat rations
 n - a fruit
 u - a slice of pizza


   Skills:
 + Level 4.6 Fighting
 + Level 6.2 Dodging
 + Level 1.3 Stealth
 + Level 6.3 Unarmed Combat


You had 7 spell levels left.
You didn't know any spells.

Dungeon Overview and Level Annotations

Branches:
Dungeon (6/15)
 Temple: D:4-7

Altars:
Ashenzari
Cheibriados
Elyvilon
Gozag
Nemelex Xobeh
Okawaru
Trog
Zin
The Shining One

Portals:
Ossuary: D:5


Innate Abilities, Weirdness & Mutations

You are too large for most types of armour.
You have claws for hands.
Your metabolism is lightning-fast.
You like to eat raw meat.
You heal very quickly.
You are covered in fur (AC +1).
You have very tough skin (AC +2).
Your muscles are strong. (Str +2)


Message History

The killer bee poisons you!
You barely miss the killer bee.
You feel sick.
The killer bee stings you but does no damage. x2
You barely miss the killer bee.
You feel sick. The killer bee stings you.
* * * LOW HITPOINT WARNING * * *
You are lethally poisoned!
The killer bee poisons you! The killer bee closely misses you.
You miss the killer bee.
* * * LOW HITPOINT WARNING * * *
You feel sick. The killer bee barely misses you.
Drink which item? (? for menu, Esc to quit)
Okay, then.
Drink which item? (? for menu, Esc to quit)
Okay, then.
You miss the killer bee.
* * * LOW HITPOINT WARNING * * *
You feel sick.
The killer bee stings you but does no damage.
The killer bee stings you.
You die...

#............'...#.....#
#............#+####'#####
#.......................#
#.......................#
#.......................#
#.......................#
+.......................#
#......##y####.....#'####
#######...#.@...#.....+...#
#.....#...#.....+.....#...#
#.###.#...'.....#.....#...#
#.#†#.#...##'####.....#...# ##
#.###.#...#...#......##...# >#
#.....#...#...#......#....#
##.
#.._..#...#...#......#....#
#..#.....#.÷.#...#......#....#
#..###.###...'...#......#....#


You could see a killer bee.

Vanquished Creatures
  A sky beast (D:5)
  An ogre (D:4)
  2 giant frogs
  2 scorpions (D:5)
  5 killer bees (D:6)
  5 orc wizards (D:4)
  2 hounds
  2 jellies
  2 orc priests (D:4)
  A centaur skeleton (D:4)
  Jessica (D:3)
  6 worker ants
  Terence (D:3)
  A killer bee zombie (D:6)
  A worker ant zombie (D:6)
  9 adders
  3 worms
  3 giant geckos
  10 orcs
  A ball python (D:2)
  8 bats
  2 bat zombies (D:5)
  7 giant cockroaches
  8 goblins
  9 hobgoblins
  5 jackals
  A giant gecko skeleton (D:4)
  6 giant newts
  9 kobolds
  A quokka skeleton (D:6)
  14 rats
129 creatures vanquished.

Vanquished Creatures (others)
  A wizard (D:6)
1 creature vanquished.

Grand Total: 130 creatures vanquished

Notes
Turn   | Place    | Note
--------------------------------------------------------------
     0 | D:1      | PooFace the Troll Berserker began the quest for the Orb.
     0 | D:1      | Reached XP level 1. HP: 22/22 MP: 0/0
   508 | D:1      | Reached XP level 2. HP: 26/29 MP: 1/1
  1074 | D:2      | Reached XP level 3. HP: 29/36 MP: 2/2
  1378 | D:2      | Acquired Trog's second power
  1466 | D:2      | Found a sparkling altar of Nemelex Xobeh.
  1466 | D:2      | Found an opulent altar of Gozag.
  1905 | D:2      | Reached XP level 4. HP: 44/44 MP: 3/3
  2030 | D:2      | Found a white marble altar of Elyvilon.
  2306 | D:3      | Noticed Jessica
  2310 | D:3      | Killed Jessica
  2331 | D:3      | Found a glowing golden altar of the Shining One.
  2338 | D:3      | Gained mutation: Your muscles are strong. (Str +2) [potion of beneficial mutation]
  2459 | D:3      | Noticed Terence
  2472 | D:3      | Killed Terence
  2472 | D:3      | Reached skill level 4 in Unarmed Combat
  2570 | D:3      | Found a glowing silver altar of Zin.
  2692 | D:3      | Reached XP level 5. HP: 53/53 MP: 4/4
  3138 | D:4      | Noticed an ogre
  3154 | D:4      | Killed an ogre
  3303 | D:4      | Found a shattered altar of Ashenzari.
  3314 | D:4      | Reached XP level 6. HP: 61/61 MP: 5/5
  3331 | D:4      | Found a snail-covered altar of Cheibriados.
  3424 | D:4      | Reached skill level 5 in Unarmed Combat
  3613 | D:4      | Got a translucent ring mail
  3864 | D:4      | Reached XP level 7. HP: 40/67 MP: 6/6
  3976 | D:4      | Found an iron altar of Okawaru.
  4156 | D:5      | Entered Level 5 of the Dungeon
  4184 | D:5      | Found a white marble altar of Elyvilon.
  4296 | D:5      | Reached skill level 5 in Dodging
  4444 | D:5      | Reached skill level 1 in Stealth
  4532 | D:5      | Found a sand-covered staircase.
  4983 | D:6      | Acquired Trog's third power
  4983 | D:6      | Reached XP level 8. HP: 76/78 MP: 7/7
  5022 | D:6      | Reached skill level 6 in Unarmed Combat
  5156 | D:6      | Found a bloodstained altar of Trog.
  5157 | D:6      | Noticed a wizard
  5163 | D:6      | Killed a wizard
  5238 | D:6      | Got a brightly glowing falchion
  5465 | D:6      | Slain by a killer bee

Vault maps used:
D:1:      saegor_arrival_simple_e
D:2:      grunt_temple_overflow_opulence, lemuel_coloured_pillars_altar,
          first_bread, serial_glass, glass_columns_c, glass_columns_a,
          kennysheep_flooded_box
D:3:      nicolae_tso_carved_into_rock, old_standard_altar, uniq_terence,
          uniq_jessica
D:4:      kennysheep_little_box, kennysheep_mini_moat,
          nicolae_overflow_crystal_walls
D:5:      serial_curves, eino_curves_03, eino_curves_03, enter_ossuary_5,
          minmay_misc_feat_ornament, kennysheep_small_circle
D:6:      nicolae_overflow_hidden_temple, trog_wizard

Action                   |  1- 3 |  4- 6 |  7- 9 || total
-------------------------+-------+-------+-------++-------
Melee: Unarmed           |    96 |   136 |   150 ||   382
  Use: Scroll            |     4 |     7 |     2 ||    13
       Potion            |       |     5 |     6 ||    11
 Stab: Sleeping          |       |       |     3 ||     3
  Eat: Beef jerky        |     1 |       |       ||     1
       Chunk             |    12 |    14 |    14 ||    40
       Bread ration      |     1 |     1 |       ||     2
